 Dungeon Crawl Stone Soup version 0.22.1-2-g9c5b331383 (webtiles) character file.

107 Gunterle the Skirmisher (level 4, -2/29 HPs)
             Began as a Gargoyle Abyssal Knight on Dec 17, 2018.
             Was a Believer of Lugonu.
             Slain by a river rat (3 damage)
             ... on level 4 of the Dungeon.
             The game lasted 00:09:37 (2970 turns).

Gunterle the Skirmisher (Gargoyle Abyssal Knight)   Turns: 2970, Time: 00:09:38

Health: -2/29      AC:  6    Str: 16    XL:     4   Next: 86%
Magic:  6/6        EV: 11    Int: 13    God:    Lugonu [**....]
Gold:   146        SH:  0    Dex:  9    Spells: 3/3 levels left

rFire    . . .     SeeInvis .   a - +2 mace
rCold    . . .     Gourm    .   (no shield)
rNeg     + . .     Faith    .   b - +0 leather armour
rPois    ∞         Spirit   .   (no helmet)
rElec    +         Reflect  .   x - scarf {repulsion}
rCorr    .         Harm     .   (no gloves)
MR       .....                  (no boots)
Stlth    +.........             (no amulet)
HPRegen  0.09/turn              k - ring of flight
MPRegen  0.10/turn              (no ring)

@: flying, repel missiles
A: negative energy resistance 1, electricity resistance, unbreathing,
petrification resistance, rot immunity, AC +3
a: Depart the Abyss, Bend Space, Renounce Religion


You were on level 4 of the Dungeon.
You worshipped Lugonu.
Lugonu was pleased with you.
You were not hungry.

You visited 1 branch of the dungeon, and saw 4 of its levels.
You visited the Abyss 1 time.

You collected 146 gold pieces.

Inventory:

Hand Weapons
 a - a +2 mace (weapon)
Missiles
 e - 13 poisoned needles
 f - 136 stones (quivered)
 h - 35 bolts
Armour
 b - a +0 leather armour (worn)
 p - a cursed -1 ring mail
 u - a +0 plate armour
 w - a cursed +0 chain mail
 x - a scarf of repulsion (worn)
Jewellery
 k - a ring of flight (left hand)
Scrolls
 l - a scroll of identify
 m - 3 scrolls of teleportation
 o - a scroll of remove curse
 v - a scroll of immolation
Potions
 g - a potion of resistance {unknown}
 n - a potion of lignification {unknown}
 r - a potion of mutation {unknown}
 s - a potion of flight
 t - a potion of agility {unknown}
 z - a potion of curing {unknown}
Comestibles
 c - 8 rations
 q - a chunk of flesh


   Skills:
 + Level 3.8 Fighting
 * Level 3.2 Maces & Flails
 + Level 2.9 Armour
 + Level 1.4 Dodging
 + Level 2.8 Invocations


You had 3 spell levels left.
You didn't know any spells.
Your spell library was empty.

Dungeon Overview and Level Annotations

Branches:
Dungeon (4/15)
 Temple: D:4-7

Altars:
Ashenzari
Hepliaklqana
Ru


Innate Abilities, Weirdness & Mutations

You are resistant to torment.
Your stone body is resilient. (AC +3)
You are immune to poison.
You resist negative energy. (rN+)
You are resistant to electric shocks. (rElec)
You can survive without breathing.
You are immune to petrification.
You are immune to rotting.


Message History

The river rat is heavily wounded.
The giant cockroach bites you but does no damage.
The river rat bites you.
* * * LOW HITPOINT WARNING * * *
The giant cockroach bites you but does no damage.
You hit the river rat but do no damage.
The river rat is heavily wounded.
The river rat misses you.
The giant cockroach bites you but does no damage.
The river rat bites you.
* * * LOW HITPOINT WARNING * * *
You barely miss the river rat.
The river rat is heavily wounded.
The giant cockroach bites you but does no damage.
The river rat bites you but does no damage.
The giant cockroach closely misses you.
You hit the river rat.
The river rat is almost dead.
The giant cockroach misses you. The river rat bites you.
You die...

...=...##.########
....O..#†## .##
.......#≈# #≈#
.......#≈# #≈#
.......#≈# #≈#
...###.#≈# #≈# ...
#.#O# #≈# #≈# #r#
#≈#######@#
##≈≈≈†≈Os##
#########


You could see an ogre, a river rat and a giant cockroach.

Vanquished Creatures
  Jessica (D:3)
  2 adders (D:2)
  2 worms
  A dart slug (D:2)
  2 leopard geckos (D:3)
  An orc (D:2)
  3 giant cockroaches
  7 goblins
  4 hobgoblins
  4 jackals (D:2)
  6 bats
  3 frilled lizards
  5 kobolds
  13 rats
54 creatures vanquished.

Notes
Turn   | Place    | Note
-------+----------+-------------------------------------------
     0 | Abyss:1  | Gunterle the Gargoyle Abyssal Knight began the quest for
                  | the Orb.
     0 | Abyss:1  | Reached XP level 1. HP: 14/14 MP: 2/2
    56 | Abyss:1  | Noticed a flying skull
    58 | Abyss:1  | Noticed a small abomination
    59 | D:1      | Escaped the Abyss
   264 | D:1      | Reached XP level 2. HP: 17/19 MP: 3/3
   276 | D:1      | Reached skill level 1 in Dodging
   407 | D:1      | Reached * piety under Lugonu
  1134 | D:2      | Reached XP level 3. HP: 4/23 MP: 4/4
  2017 | D:2      | Reached XP level 4. HP: 29/29 MP: 5/5
  2080 | D:2      | Found a hazy altar of Hepliaklqana.
  2170 | D:3      | Noticed Jessica
  2184 | D:3      | Killed Jessica
  2278 | D:3      | Found a shattered altar of Ashenzari.
  2792 | D:3      | Found a sacrificial altar of Ru.
  2927 | D:4      | Reached ** piety under Lugonu
  2929 | D:4      | Noticed an ogre
  2968 | D:4      | HP: 1/29 [river rat (6)]
  2970 | D:4      | Slain by a river rat

Skill      XL: |  1  2  3  4 |
---------------+-------------+-----
Dodging        | 1 |  1.4
Maces & Flails | 3 |  3.2
Fighting       | |  3.8
Armour         | |  2.9
Invocations    | |  2.8

Action                   |  1- 3 |  4- 6 || total
-------------------------+-------+-------++-------
Melee: Mace              |   127 |    72 ||   199
Invok: Depart the Abyss  |     1 |       ||     1
  Use: Scroll            |     1 |     6 ||     7
       Potion            |       |     1 ||     1
  Eat: Chunk             |     4 |     3 ||     7
Armor: Leather armour    |    76 |    31 ||   107
Dodge: Dodged            |    88 |    59 ||   147
